 Dungeon Crawl Stone Soup version 0.17.0-28-g6e173f8 (webtiles) character file.

550 dohliylev the Stinger (level 7, -3/36 HPs)
             Began as a Gargoyle Venom Mage on Nov 30, 2015.
             Was an Initiate of Sif Muna.
             Killed by nerve-wracking pain
             ... invoked by Grinder
              (8 damage)
             ... on level 3 of the Dungeon.
             The game lasted 00:30:45 (4299 turns).

dohliylev the Stinger (Gargoyle Venom Mage)         Turns: 4299, Time: 00:30:46

Health: -3/36      AC:  8    Str: 11    XL:     7   Next: 29%
Magic:  5/13       EV: 12    Int: 18    God:    Sif Muna [......]
Gold:   226        SH:  0    Dex: 10    Spells: 3 memorised, 6 levels left

rFire  . . .     SeeInvis +     D - +2 short sword (drain)
rCold  . . .     Clarity  .     a - +0 robe
rNeg   + . .     SustAt   .     (no shield)
rPois  ∞         Gourm    .     g - +1 helmet
rElec  +         Spirit   .     (no cloak)
rCorr  .         Warding  .     (no gloves)
rMut   +         Stasis   .     (no boots)
MR     .....                    d - amulet of resist mutation
Stlth  ++........               (no ring)
                                v - ring of see invisible

@: not resistant to hostile enchantments, unstealthy
A: negative energy resistance 1, electricity resistance, unbreathing,
petrification resistance, rot immunity, AC +4
a: Renounce Religion


You were on level 3 of the Dungeon.
You worshipped Sif Muna.
Sif Muna was noncommittal.
You were not hungry.

You visited 1 branch of the dungeon, and saw 4 of its levels.

You collected 226 gold pieces.

Inventory:

Hand Weapons
 e - a +0 mace
 D - a +2 short sword of draining (weapon)
Armour
 a - a +0 robe (worn)
 g - a +1 helmet (worn)
 E - a +0 helmet
Rods
 w - a -3 rod of inaccuracy (13/13)
   (You found it on level 4 of the Dungeon)
Jewellery
 d - an amulet of resist mutation (around neck)
 v - a ring of see invisible (left hand)
Wands
 t - a wand of teleportation (2)
Scrolls
 f - 3 scrolls of blinking {unknown}
 h - 3 scrolls of remove curse {unknown}
 i - 5 scrolls of identify {unknown}
 k - 4 scrolls of enchant weapon {unknown}
 n - 2 scrolls of noise {unknown}
 p - 2 scrolls of teleportation {unknown}
 x - a scroll of random uselessness {unknown}
 y - 2 scrolls of enchant armour {unknown}
Potions
 j - 4 potions of cancellation {unknown}
 l - a potion of agility {unknown}
 m - 2 potions of poison {unknown}
 o - 3 potions of haste {unknown}
 q - a potion of might {unknown}
 r - a potion of brilliance {unknown}
 s - a potion of invisibility {unknown}
 u - a potion of lignification {unknown}
 B - a potion of ambrosia {unknown}
 C - a potion of flight {unknown}
Books
 b - a Young Poisoner's Handbook

   Spells                             Type                      Level
   a - Sting                          Conjuration/Poison           1
   b - Cure Poison                    Poison                       2
   c - Mephitic Cloud                 Conjuration/Poison/Air       3
   d - Olgreb's Toxic Radiance        Poison                       4
   e - Venom Bolt                     Conjuration/Poison           5
Comestibles
 c - 4 bread rations
 z - a slice of pizza
 A - 16 chunks of flesh


   Skills:
 + Level 2.6 Dodging
 - Level 2.1 Stealth
 + Level 4.1 Spellcasting
 + Level 3.0 Conjurations
 + Level 0.8 Air Magic
 + Level 6.1 Poison Magic


You had 6 spell levels left.
You knew the following spells:

 Your Spells              Type           Power        Failure   Level  Hunger
a - Sting                 Conj/Pois      ###.         1%          1    None
b - Mephitic Cloud        Conj/Pois/Air  ###.....     14%         3    ###....
c - Olgreb's Toxic Radia  Pois           ####....     14%         4    ####...


Dungeon Overview and Level Annotations

Branches:
Dungeon (4/15)
 Temple: D:4-7

Altars:
Makhleb
Ru
Sif Muna
Xom
Yredelemnul
Zin

Annotations:
D:3 Grinder


Innate Abilities, Weirdness & Mutations

You are resistant to torment.
Your stone body is resilient (AC +4).
You are immune to poison.
You resist negative energy.
You are resistant to electric shocks.
You can survive without breathing.
You are immune to petrification.
You are immune to rotting.


Message History

The sting hits Grinder.
Grinder appears unharmed.
Grinder is severely wounded.
Grinder hits you.
* * * LOW HITPOINT WARNING * * *
Unknown command.
Grinder grins, showing sharp teeth.
Grinder gestures at you.
You struggle to resist.
You start resting.
Grinder gestures at you.
You struggle to resist.
Casting: Sting
Confirm with . or Enter, or press ? or * to list all spells.
Aiming: Sting
Press: ? - help, Shift-Dir - straight line, f/p - Grinder
Aim: Grinder (heavily wounded)
The sting misses Grinder.
Grinder gestures at you. Pain shoots through your body!
You die...

### ##. ####.## #..
#_##..####. #### ####
##'###...... ...# #..##
#...#.##..## #..##.5.#
#...#.(#....
#..#.#.###...##...###
#.#.#...#...##...###
#).@....#...##.#..##
##.####.#...#..##...
######)### ##...#.#####.
#........# #...#.......
#.......÷# #...#....##.
#........# #...#.§#....
#........####...#..#.#..
#.[..).....)...5.....##.
#.....)..###.....w.#####


You could see Grinder.

Vanquished Creatures
  2 ogres (D:4)
  A scorpion (D:4)
  Ijyb (D:2)
  An orc wizard (D:4)
  Natasha (D:3)
  A worker ant (D:4)
  Robin (D:3)
  4 gnolls (D:2)
  7 adders
  5 worms
  3 giant geckos
  4 orcs
  A ball python (D:3)
  10 bats
  6 giant cockroaches
  20 goblins
  12 hobgoblins
  6 jackals
  4 quokkas
  4 giant newts
  8 kobolds
  A quokka skeleton (D:4)
  7 rats
110 creatures vanquished.

Vanquished Creatures (others)
  5 toadstools (D:1)
5 creatures vanquished.

Grand Total: 115 creatures vanquished

Notes
Turn   | Place    | Note
--------------------------------------------------------------
     0 | D:1      | dohliylev the Gargoyle Venom Mage began the quest for the Orb.
     0 | D:1      | Reached XP level 1. HP: 10/10 MP: 3/3
   136 | D:1      | Reached XP level 2. HP: 15/15 MP: 0/5
   819 | D:1      | Reached XP level 3. HP: 19/19 MP: 3/6
   824 | D:1      | Learned a level 3 spell: Mephitic Cloud
  1420 | D:2      | Reached skill level 1 in Conjurations
  1420 | D:2      | Reached XP level 4. HP: 17/24 MP: 0/8
  1693 | D:2      | Learned a level 4 spell: Olgreb's Toxic Radiance
  1698 | D:2      | Noticed Ijyb
  1725 | D:2      | Killed Ijyb
  1725 | D:2      | Reached skill level 5 in Poison Magic
  1725 | D:2      | Reached XP level 5. HP: 22/28 MP: 1/9
  2590 | D:3      | Found a shimmering altar of Xom.
  2595 | D:3      | Found a basalt altar of Yredelemnul.
  2596 | D:3      | Found a sacrificial altar of Ru.
  2793 | D:3      | Noticed Natasha
  2798 | D:3      | Killed Natasha
  2798 | D:3      | Reached XP level 6. HP: 32/32 MP: 1/11
  2813 | D:3      | Noticed Grinder
  2847 | D:3      | Found a deep blue altar of Sif Muna.
  2851 | D:3      | Became a worshipper of Sif Muna the Loreminder
  3209 | D:4      | Identified a -3 rod of inaccuracy (13/13) (You found it on level 4 of the Dungeon)
  3285 | D:4      | Found a burning altar of Makhleb.
  3561 | D:4      | Reached skill level 6 in Poison Magic
  3561 | D:4      | Reached XP level 7. HP: 36/36 MP: 1/12
  4066 | D:4      | Found a glowing silver altar of Zin.
  4177 | D:3      | Noticed Robin
  4203 | D:3      | Killed Robin
  4250 | D:3      | Paralysed by Grinder for 4 turns
  4299 | D:3      | Killed from afar by Grinder

Action                   |  1- 3 |  4- 6 |  7- 9 || total
-------------------------+-------+-------+-------++-------
Melee: Mace              |    16 |    39 |     1 ||    56
       Short sword       |       |       |    22 ||    22
 Cast: Sting             |    67 |    88 |    25 ||   180
       Mephitic Cloud    |     3 |     4 |     1 ||     8
       Olgreb's Toxic Ra |       |    11 |     5 ||    16
Evoke: Rod               |       |     3 |       ||     3
 Stab: Sleeping          |       |     1 |       ||     1
  Eat: Chunk             |     3 |    10 |     3 ||    16
